 Dungeon Crawl Stone Soup version 0.26-a0-1213-gd52f5182fe (webtiles) character file.

Game seed: 5991611470316655467

4993 sokol815 the Frost Mage (level 10, -1/65 HPs)
             Began as an Octopode Ice Elementalist on Dec 31, 2020.
             Was an Initiate of Gozag.
             Slain by a yak (18 damage)
             ... on level 9 of the Dungeon.
             The game lasted 00:29:24 (10572 turns).

sokol815 the Frost Mage (OpIE)                     Turns: 10572, Time: 00:29:25

Health: -1/65      AC:  1    Str:  8    XL:     10   Next: 54%
Magic:  10/13      EV: 15    Int: 21    God:    Gozag
Gold:   293        SH:  5    Dex: 12    Spells: 0/13 levels left

rFire    + . .     SeeInvis .   a - +3 dagger (drain)
rCold    + . .     Faith    .   (no shield)
rNeg     + . .     Spirit   .   (helmet restricted)
rPois    .         Reflect  +   w - amulet of reflection
rElec    .         Harm     .   u - ring of protection from cold {rC+, !d}
rCorr    .         Rampage  .   i - ring of positive energy {rN+}
Will     .....                  (no ring)
Stlth    +++++.....             B - ring of protection from fire {rF+, !d}
HPRegen  0.20/turn              (no ring)
MPRegen  0.13/turn              (no ring)
                                (no ring)
                                (no ring)

@: no status effects
A: almost no armour, stealthy swim, amphibious, 8 rings, constrict 8, camouflage
1, gelatinous body 1
a: Renounce Religion, Potion Petition, Call Merchant, Bribe Branch


You were on level 9 of the Dungeon.
You worshipped Gozag.
Gozag was aware of your devotion.
You visited 2 branches of the dungeon, and saw 11 of its levels.

You collected 1177 gold pieces.
You spent 715 gold pieces at shops.
You paid 169 gold pieces to Gozag.

Inventory:

Hand Weapons
 a - a +3 dagger of draining (weapon)
   (You took it off a goblin on level 1 of the Dungeon)
 j - a +1 vorpal war axe
   (You took it off an orc on level 4 of the Dungeon)
 l - a +0 whip of electrocution
   (You found it on level 6 of the Dungeon)
 n - a +2 dire flail
   (You took it off a wight on level 8 of the Dungeon)
 r - a +0 falchion
   (You took it off an orc on level 4 of the Dungeon)
 A - a cursed +1 long sword of freezing
   (You took it off a wight on level 8 of the Dungeon)
 L - a +0 broad axe of flaming
   (You took it off an orc warrior on level 7 of the Dungeon)
 N - a +2 trident
   (You took it off a wight on level 8 of the Dungeon)
Missiles
 e - 340 stones
 f - 31 bolts
 g - 3 atropa-tipped darts
 s - 7 boomerangs
 E - 2 throwing nets {=f, !d}
Jewellery
 i - a ring of positive energy (right tentacle) {rN+}
   (You found it on level 4 of the Dungeon)
 m - an uncursed ring of fire {rF+, rC-}
   (You found it on level 4 of the Dungeon)
 u - a ring of protection from cold (left tentacle) {rC+, !d}
   (You found it on level 3 of the Dungeon)
 w - an amulet of reflection (around mantle)
   (You found it on level 4 of the Dungeon)
 B - a ring of protection from fire (on tentacle) {rF+, !d}
   (You found it on level 5 of the Dungeon)
Wands
 x - a wand of disintegration (16)
   (You found it on level 7 of the Dungeon)
 H - a wand of polymorph (9)
   (You found it on level 5 of the Dungeon)
 M - a wand of paralysis (14)
   (You found it on level 8 of the Dungeon)
Scrolls
 b - a scroll of blinking {!r}
 c - 2 scrolls of immolation {!r}
 h - a scroll of vulnerability {unknown}
 t - a scroll of identify
 v - 5 scrolls of teleportation
 y - 4 scrolls of remove curse
 F - 3 scrolls of enchant armour
 G - a scroll of fog
 J - 2 scrolls of magic mapping {!r}
 K - a scroll of amnesia
Potions
 d - 2 potions of heal wounds
 k - a potion of berserk rage {!q}
 o - 7 potions of curing
 p - 3 potions of cancellation
 q - a potion of invisibility {unknown}
 z - a potion of brilliance
 C - a potion of mutation {!q}
 I - a potion of magic


   Skills:
 - Level 4.3 Fighting
 + Level 8.7 Short Blades
 - Level 4.9 Dodging
 - Level 8.0 Stealth
 - Level 2.0 Spellcasting
 * Level 3.1 Transmutations
 + Level 9.0 Ice Magic
 * Level 3.2 Earth Magic


You couldn't memorise any spells.
You knew the following spells:

 Your Spells              Type           Power        Failure   Level
a - Frozen Ramparts       Ice            78%          1%          3
b - Freeze                Ice            100%         1%          1
c - Statue Form           Tmut/Erth      10%          99%         6
A - Ozocubu's Armour      Ice            39%          1%          3

Your spell library contained the following spells:

 Spells                   Type           Power        Failure   Level
 Shock                    Conj/Air       8%           14%         1
 Swiftness                Air            2%           22%         2
 Hailstorm                Conj/Ice       21%          22%         4
 Summon Ice Beast         Ice/Summ       21%          22%         4
 Static Discharge         Conj/Air       2%           41%         3
 Airstrike                Air            1%           82%         4
 Irradiate                Conj/Tmut      4%           91%         5
 Lightning Bolt           Conj/Air       1%           99%         5
 Hydra Form               Tmut           7%           99%         6
 Dragon Form              Tmut           7%           100%        7


Dungeon Overview and Level Annotations

Branches:
Dungeon (10/15)            Temple (1/1) D:5
   Lair: D:8-11         Orc: D:9-12

Altars:
Ashenzari
Cheibriados
Dithmenos
Elyvilon
Fedhas
Gozag
Hepliaklqana
Kikubaaqudgha
Makhleb
Nemelex Xobeh
Okawaru
Qazlal
Ru
Sif Muna
Trog
Vehumet
Wu Jian
Yredelemnul
Zin
The Shining One

Shops:
D:4 :   D:9 (

Annotations:
D:2 1 runed translucent door, Crazy Yiuf
D:8 exclusions: death yak and 4 more exclusions


Innate Abilities, Weirdness & Mutations

You cannot wear most types of armour.
You are very stealthy in the water. (Stealth+)
You are amphibious.
You can wear up to eight rings at the same time.
You can use your tentacles to constrict eight enemies at once.
Your skin changes colour to match your surroundings (Stealth+).
Your rubbery body absorbs attacks. (AC +1, EV +1)


Message History

You spit the necrophage like a pig!!!
You destroy the necrophage!
Your Transmutations skill increases to level 2!
You now have 270 gold pieces (gained 4).
e - 340 stones (gained 11)
You now have 293 gold pieces (gained 23).
Found an escape hatch in the floor.
A yak comes into view.
The yak bellows!
A yak comes into view.
You see here a scroll of identify.
t - a scroll of identify The walls around you are covered in ice.
The yak bellows!
You hear a bellow!
The wall freezes something. x2
A yak comes into view. x2
The wall freezes something.
Something hits you!
Deactivating autopickup; reactivate with Ctrl-A.
You hear a bellow!
You take 8 damage, and have 57/65 hp.
You now have 10/13 mp.
A film of ice covers your body!
You hear a bellow! x2
The wall freezes something but does no damage.
Something closely misses you.
The wall freezes something.
Something hits you!
The wall freezes something.
You block something's attack.
A yak comes into view.
You take 9 damage, and have 48/65 hp.
You now have 7/13 mp.
You swing at nothing.
The wall freezes something.
Something hits you!
The wall freezes something.
Something hits you but does no damage.
You take 7 damage, and have 41/65 hp.
You swing at nothing.
The wall freezes something.
Something hits you.
A yak comes into view.
You take 2 damage, and have 39/65 hp.
Your icy armour and frozen ramparts will break if you move.
Continue? [Y]es or [N]o only, please.
Your icy armour and frozen ramparts will break if you move.
Continue?
Okay, then.
You hit something.
The wall freezes something.
Something hits you but does no damage.
The wall freezes something.
Something hits you but does no damage.
You hit something. Your squeeze misses something.
The wall freezes something but does no damage.
Something hits you.
The wall freezes something.
Something hits you.
The wall freezes the yak.
You take 8 damage, and have 31/65 hp.
You hit something but do no damage. Your squeeze misses something.
The wall freezes something.
Something hits you but does no damage.
The wall freezes something.
Something hits you.
The wall freezes the yak!
You take 1 damage, and have 30/65 hp.
You hit something but do no damage.
The wall freezes something.
Reactivating autopickup.
You feel a bit more experienced.
The wall freezes the yak.
A yak comes into view. x2
The yak bellows!
You hit the yak. You drain the yak.
The wall freezes the yak!
The yak misses you.
You hit the yak but do no damage. You drain the yak.
The wall freezes the yak!
A yak comes into view.
The wall freezes the yak.
You barely miss the yak.
The wall freezes the yak!
The yak gores you.
The wall freezes the yak!
The yak barely misses you.
You take 4 damage, and have 26/65 hp.
The yak bellows!
You hit the yak.
You kill the yak!
The wall freezes the yak.
Your Transmutations skill increases to level 3!
Your Earth Magic skill increases to level 3!
You hit the yak. You drain the yak.
The wall freezes the yak!
You kill the yak!
Your Ice Magic skill increases to level 9!
You barely miss the yak. Your squeeze misses the yak.
The wall freezes the yak!
The wall freezes the yak. x2; The yak gores you.
You take 4 damage, and have 22/65 hp.
You completely miss the yak.
A centaur warrior skeleton comes into view.
The wall freezes the yak.
The yak becomes distracted by the nearby gold, dreaming of imaginary riches.
The wall freezes the yak!
You block the yak's attack.
You puncture the yak! You drain the yak. Your squeeze misses the yak.
The frozen ramparts melt away.
You hit the yak but do no damage. You drain the yak. The yak gores you!
* * * LOW HITPOINT WARNING * * *
The yak barely misses you.
You take 8 damage, and have 14/65 hp.
Unknown command.
Your icy armour will break if you move.
Continue? [Y]es or [N]o only, please.
Your icy armour will break if you move.
Continue?
Your icy armour cracks and falls away as you move.
A yak comes into view.
The yak becomes distracted by the nearby gold, dreaming of imaginary riches.
The centaur warrior skeleton becomes distracted by the nearby gold, dreaming of imaginary riches.
There is a stone staircase leading up here.
The yak misses you.
You climb upwards.
There is a stone staircase leading down here.
The yak gores you!!
You die...
Your body crumbles into a pile of gold.

........##............##.##......
........###............###.......
........# ##........#...####.....
........# ##.#......#..# #.....
#.......#######.....##..####.....
#....#......##......###.##.......
##...#....#..#..#...#.#..........
##.###...#....###.........>.)...
### ##........@###.............
#........Y>......#........
##...[.....#.....##.......
##.....##..##...###.......
##...#####......####....#..
#....# #.........#....#.. #...##
#.....#.........## ##.##
##..#.##.....#.... #.#
##.#####.#..#.#..


You could see a yak.

Vanquished Creatures
  An unseen horror (D:10)
  Sigmund (D:2)
  A wyvern (D:10)
  2 yaks (D:10)
  3 orc warriors
  A sky beast (D:6)
  2 ice beasts
  A hornet zombie (D:8)
  3 necrophages
  3 ogres
  A centaur (D:6)
  6 bullfrogs
  A gnoll sergeant (D:5)
  5 scorpions
  2 vampire bats (D:7)
  6 wights
  8 howler monkeys
  A centaur zombie (D:6)
  A jelly (D:7)
  2 bullfrog zombies
  5 bullfrog skeletons
  4 orc priests
  6 hounds
  A centaur skeleton (D:8)
  Jessica (D:2)
  3 iguanas
  5 orc wizards
  6 worker ants
  11 gnolls
  13 adders
  2 shadow imps
  3 white imps
  An ooze (D:2)
  2 adder skeletons
  3 worms
  3 leopard geckos
  19 orcs
  2 bat skeletons (D:7)
  3 bat zombies (D:7)
  9 giant cockroaches
  8 goblins
  12 hobgoblins
  6 jackals
  8 kobolds
  3 quokkas
  A ball python (D:2)
  8 bats
  6 frilled lizards
  A quokka skeleton (D:5)
  2 quokka zombies (D:6)
  6 rats
214 creatures vanquished.

Notes
Turn   | Place    | Note
-------+----------+-------------------------------------------
     0 | D:1      | sokol815 the Octopode Ice Elementalist began the quest for
                  | the Orb.
     0 | D:1      | Reached XP level 1. HP: 11/11 MP: 3/3
    74 | D:1      | Reached skill level 3 in Stealth
   125 | D:1      | HP: 1/11 [leopard gecko (2)]
   240 | D:1      | Reached XP level 2. HP: 8/17 MP: 3/5
   243 | D:1      | Reached skill level 4 in Stealth
  1122 | D:2      | Noticed Sigmund
  1132 | D:2      | Killed Sigmund
  1133 | D:2      | Reached skill level 3 in Short Blades
  1133 | D:2      | Reached skill level 6 in Stealth
  1133 | D:2      | Reached XP level 3. HP: 7/21 MP: 6/6
  1133 | D:2      | Reached XP level 4. HP: 9/27 MP: 7/7
  1133 | D:2      | Reached XP level 5. HP: 11/31 MP: 8/8
  1484 | D:2      | Noticed Jessica
  1486 | D:2      | Killed Jessica
  1487 | D:2      | Reached XP level 6. HP: 36/36 MP: 9/9
  1742 | D:2      | Reached skill level 7 in Stealth
  2103 | D:2      | Found a faded altar of an unknown god.
  2445 | D:2      | Found a runed translucent door.
  2446 | D:2      | Noticed Crazy Yiuf
  2806 | D:3      | Learned a level 3 spell: Frozen Ramparts
  2810 | D:3      | Learned a level 3 spell: Ozocubu's Armour
  3060 | D:4      | Reached skill level 4 in Short Blades
  3117 | D:4      | Noticed an ice beast
  3160 | D:4      | Reached XP level 7. HP: 41/41 MP: 3/10
  3268 | D:4      | Reached skill level 8 in Stealth
  3268 | D:4      | Reached skill level 5 in Ice Magic
  3378 | D:4      | Found Baent's Book Boutique.
  3680 | D:3      | Found a white marble altar of Elyvilon.
  3680 | D:3      | Found a hazy altar of Hepliaklqana.
  3685 | D:3      | Found a stormy altar of Qazlal.
  3688 | D:3      | Found an ornate altar of the Wu Jian Council.
  3689 | D:3      | Found a basalt altar of Yredelemnul.
  4133 | D:4      | Reached skill level 5 in Short Blades
  4141 | D:4      | Reached skill level 6 in Ice Magic
  4141 | D:4      | Reached XP level 8. HP: 41/46 MP: 5/11
  4197 | D:4      | You fall into a shaft and drop 3 floors!
  4266 | D:7      | Found an ancient bone altar of Kikubaaqudgha.
  4412 | D:7      | Reached skill level 7 in Ice Magic
  4658 | D:6      | Found a shimmering blue altar of Sif Muna.
  4985 | D:5      | Entered Level 5 of the Dungeon
  5242 | D:4      | Reached skill level 6 in Short Blades
  5243 | D:4      | Reached skill level 8 in Ice Magic
  5574 | D:5      | Found a staircase to the Ecumenical Temple.
  5606 | D:5      | Reached skill level 1 in Fighting
  5621 | D:5      | HP: 11/48 [gnoll sergeant/+0 spear (11)]
  5628 | D:5      | HP: 6/48 [gnoll sergeant/+0 spear (2)]
  5631 | D:5      | Reached XP level 9. HP: 7/53 MP: 4/12
  5934 | Temple   | Entered the Ecumenical Temple
  5941 | Temple   | Became a worshipper of Gozag Ym Sagoz the Greedy
  6000 | D:5      | Found a sparkling altar of Nemelex Xobeh.
  6143 | D:5      | Found a radiant altar of Vehumet.
  6202 | D:5      | Reached skill level 2 in Fighting
  6202 | D:5      | Reached skill level 3 in Dodging
  6370 | D:5      | Reached skill level 7 in Short Blades
  6414 | D:5      | Found a burning altar of Makhleb.
  7142 | D:6      | Reached skill level 3 in Fighting
  7221 | D:6      | Reached skill level 4 in Dodging
  7616 | D:6      | Found an iron altar of Okawaru.
  7666 | D:7      | Reached skill level 8 in Short Blades
  8395 | D:8      | Noticed a death yak
  8671 | D:8      | Reached XP level 10. HP: 59/60 MP: 13/13
  8721 | D:8      | Reached skill level 4 in Fighting
  8909 | D:4      | Bought a book of Transfigurations for 715 gold pieces
  8916 | D:4      | Learned a level 6 spell: Statue Form
  9072 | D:8      | Noticed a death yak
  9072 | D:8      | Noticed a death yak
  9072 | D:8      | Noticed a death yak
  9561 | D:8      | Reached skill level 1 in Transmutations
  9561 | D:8      | Reached skill level 1 in Earth Magic
  9800 | D:9      | Found Afoagoibu's Antique Weapon Shop.
  9987 | D:9      | Found a glowing golden altar of the Shining One.
 10376 | D:9      | Found an iron altar of Okawaru.
 10409 | D:10     | Entered Level 10 of the Dungeon
 10431 | D:10     | Reached skill level 2 in Earth Magic
 10520 | D:10     | Reached skill level 2 in Transmutations
 10547 | D:10     | Killed an unseen horror
 10552 | D:10     | Reached skill level 3 in Transmutations
 10552 | D:10     | Reached skill level 3 in Earth Magic
 10553 | D:10     | Reached skill level 9 in Ice Magic
 10556 | D:10     | HP: 14/65 [yak (8)]
 10572 | D:9      | Slain by a yak

Illustrated notes

Levels and vault maps discovered:
D:1:      evilmike_arrival_crescent, layout_basic, minmay_tiny_reverse_x
D:2:      kb_forest_paths, layout_rooms, chequers_ecumenical_altar_simple,
          uniq_sigmund, uniq_crazy_yiuf_cottage, uniq_jessica
D:3:      layout_basic, chequers_temple_overflow_minitemple
D:4:      layout_cave_pools, serial_shops, nicolae_shop_stone
D:5:      layout_gridville, nicolae_overflow_crystal_walls,
          makhleb_heckhound_becter, nemelex_xobeh_ov_fountains_minmay,
          minmay_temple_entry_wispy
D:6:      layout_basic, nicolae_overflow_hidden_temple,
          okawaru_altar_gauntlet_db
D:7:      layout_basic, kennysheep_vampire_church
D:8:      layout_cave_pods, dpeg_lair_monsters
D:9:      layout_cave_pools, lemuel_crystal_altar, kennysheep_mini,
          serial_shops, nicolae_shop_crystal
D:10:     layout_rooms
Temple:   eino_temple_lava

Skill      XL: |  1  2  3  4  5  6  7  8  9 10 |
---------------+-------------------------------+-----
Stealth        | 3 6 7 8 |  8.0
Short Blades   | 3 4 5 6 8 |  8.7
Ice Magic      | 6 8 9 |  9.0
Fighting       | 1 3 4 |  4.3
Dodging        | 4 |  4.9
Transmutations | 3 |  3.1
Earth Magic    | 3 |  3.2
Spellcasting   | |  2.0

Action                   |  1- 3 |  4- 6 |  7- 9 | 10-12 || total
-------------------------+-------+-------+-------+-------++-------
Melee: Club              |     8 |       |       |       ||     8
       Unarmed           |     4 |       |       |       ||     4
       Constrict         |    10 |    23 |    60 |    12 ||   105
       Dagger            |    24 |   103 |   341 |   111 ||   579
       Short sword       |     9 |       |       |       ||     9
       Tentacles         |     4 |    14 |    61 |    18 ||    97
Throw: Stone             |    96 |    32 |       |       ||   128
 Cast: Freeze            |     7 |       |     1 |       ||     8
       Ozocubu's Armour  |       |     1 |    17 |     4 ||    22
       Frozen Ramparts   |       |     1 |    15 |     3 ||    19
  Use: Scroll            |       |    10 |     4 |     5 ||    19
       Potion            |       |       |     4 |       ||     4
 Stab: Sleeping          |     1 |    10 |    19 |     7 ||    37
Armor: Skin              |     6 |     6 |    17 |     8 ||    37
Dodge: Dodged            |    31 |    62 |   138 |    46 ||   277
Block: Other             |       |       |    51 |    12 ||    63
       Reflection        |       |       |     4 |       ||     4

Table legend: (Time is in decaauts)
 A = Elapsed time spent in this place.
 B = Non-inter-level travel time spent in this place.
 C = Inter-level travel time spent in this place.
 D = Time resting spent in this place.
 E = Time spent auto-exploring this place.
 F = Levels seen in this place.
 G = Mean time per level.
                   A        B        C        D        E       F      G
               +--------+--------+--------+--------+--------+-----+--------+
         Total |  10424 |   9710 |    714 |   1791 |   5869 |  11 |  947.6 |
       Dungeon |  10409 |   9702 |    707 |   1791 |   5869 |  10 | 1040.9 |
        Temple |     14 |      7 |      7 |      0 |      0 |   1 |   14.0 |
               +--------+--------+--------+--------+--------+-----+--------+

Top non-repeatable levels by time:
     D:2: 1349 daAuts
     D:6: 1269 daAuts
     D:7: 1266 daAuts
     D:8: 1246 daAuts
     D:5: 1185 daAuts
     D:3: 1167 daAuts
     D:1: 1133 daAuts
     D:4: 1078 daAuts
     D:9: 562 daAuts
    D:10: 149 daAuts
  Temple: 14 daAuts

Table legend:
 A = Kills in this place as a percentage of kills in entire the game.
 B = Kills by you in this place as a percentage of kills by you in the entire game.
 C = Kills by friends in this place as a percentage of kills by friends in the entire game.
 D = Other kills in this place as a percentage of other kills in the entire game.
 E = Experience gained in this place as a percentage of experience gained in the entire game.
 F = Experience gained in this place divided by the number of levels of this place that you have seen.
                   A       B       C       D       E      F
               +-------+-------+-------+-------+-------+----------------------
         Total | 100.0 | 100.0 |   N/A |   N/A | 100.0 | 648.5
       Dungeon | 100.0 | 100.0 |   N/A |   N/A | 100.0 | 713.4
               +-------+-------+-------+-------+-------+----------------------
